 Dungeon Crawl Stone Soup version 0.22.1-6-g1668fe2 (webtiles) character file.

13 redwoodhats the Magician (level 2, 22/26 HPs)
             Began as a Gnoll Wanderer on Jan 29, 2019.
             Got out of the dungeon alive.
             The game lasted 00:02:14 (621 turns).

redwoodhats the Magician (Gnoll Wanderer)            Turns: 621, Time: 00:02:14

Health: 22/26      AC:  2    Str: 15    XL:     2   Next: 37%
Magic:  7/7        EV: 11    Int: 15    God:
Gold:   47         SH:  0    Dex: 12    Spells: 10/10 levels left

rFire    . . .     SeeInvis .   a - +2 quarterstaff
rCold    . . .     Gourm    .   (shield currently unavailable)
rNeg     . . .     Faith    .   c - +0 robe
rPois    .         Spirit   .   (no helmet)
rElec    .         Reflect  .   (no cloak)
rCorr    .         Harm     .   (no gloves)
MR       .....                  (no boots)
Stlth    ++........             (no amulet)
HPRegen  0.08/turn              (no ring)
MPRegen  0.10/turn              (no ring)

@: no status effects
A: distributed training, fangs 1, strong nose
a: no special abilities


You escaped.
You were not hungry.

You visited 1 branch of the dungeon, and saw 1 of its levels.

You collected 47 gold pieces.

Inventory:

Hand Weapons
 a - a +2 quarterstaff (weapon)
 d - a +0 dagger
Armour
 c - a +0 robe (worn)
Scrolls
 b - 3 scrolls of teleportation
Potions
 e - a potion of haste {unknown}
Comestibles
 f - a ration


   Skills:
 + Level 4.4 Fighting
 + Level 0.3 Short Blades
 + Level 0.3 Long Blades
 + Level 0.3 Axes
 + Level 0.3 Maces & Flails
 + Level 0.3 Polearms
 + Level 4.4 Staves
 + Level 0.3 Slings
 + Level 0.3 Bows
 + Level 0.3 Crossbows
 + Level 2.4 Throwing
 + Level 0.3 Armour
 + Level 0.3 Dodging
 + Level 4.0 Stealth
 + Level 0.3 Shields
 + Level 0.3 Unarmed Combat
 + Level 4.9 Spellcasting
 + Level 0.2 Conjurations
 + Level 0.2 Hexes
 + Level 2.0 Charms
 + Level 0.2 Summonings
 + Level 0.2 Necromancy
 + Level 0.2 Translocations
 + Level 0.2 Transmutations
 + Level 0.2 Fire Magic
 + Level 0.2 Ice Magic
 + Level 0.2 Air Magic
 + Level 0.2 Earth Magic
 + Level 0.2 Poison Magic
 + Level 0.4 Invocations
 + Level 0.3 Evocations


You had 10 spell levels left.
You didn't know any spells.
Your spell library was empty.

Dungeon Overview and Level Annotations

Branches:
Dungeon (1/15)

Altars:


Innate Abilities, Weirdness & Mutations

Your experience applies equally to all skills.
You have very sharp teeth.
Your uncanny sense of smell can sniff out nearby items.


Message History

The dart slug launches a dart at you. The slug dart hits you!
You sock the dart slug!
You kill the dart slug!
Found 26 sling bullets.
You see here 26 sling bullets.
Done exploring.
Okay, then.
Welcome back, redwoodhats the Gnoll Wanderer.
Press ? for a list of commands and other information.
You see here a club.
You see here a club.
You see here a club.
You see here a club.
There is an open door here.
There is a staircase leading out of the dungeon here.
Are you sure you want to leave the Dungeon?
This will make you lose the game!
Uppercase [Y]es or [N]o only, please.
Are you sure you want to leave the Dungeon?
This will make you lose the game!
You have escaped!

†..# #..#### .### #.....## .#
#......# .# #......# .# ##.....#
.# ##....# .# ##.#.# .# #########
#.#.# .# ############.@.##..#
#.#.# .# #.....#...##...##..#
#.#.# .###.###.#.##.#'####..#
#.#.# .....# #...#....####..#
#.#.# .##..###.#.#.#.....##'#
#.#.#
.............##.......######...#
###.######.#.####'#....))....####
#.# ##..#....###............
###.# ##.#....'.###.####.####


There were no monsters in sight!

Vanquished Creatures
  A dart slug (D:1)
  A bat (D:1)
  A hobgoblin (D:1)
  A frilled lizard (D:1)
  4 kobolds (D:1)
  4 rats (D:1)
12 creatures vanquished.

Notes
Turn   | Place    | Note
-------+----------+-------------------------------------------
     0 | D:1      | redwoodhats the Gnoll Wanderer began the quest for the Orb.
     0 | D:1      | redwoodhats set off with: a +2 quarterstaff, a scroll of
                  | teleportation, a +0 robe, a +0 dagger, a ration
     0 | D:1      | Reached XP level 1. HP: 20/20 MP: 6/6
   219 | D:1      | Reached XP level 2. HP: 26/26 MP: 7/7
   621 | D:$      | Got out of the dungeon alive.

Skill      XL: |  1 |
---------------+----+-----
Charms         | 2 |  2.0
Fighting       | |  4.4
Short Blades   | |  0.3
Long Blades    | |  0.3
Axes           | |  0.3
Maces & Flails | |  0.3
Polearms       | |  0.3
Staves         | |  4.4
Slings         | |  0.3
Bows           | |  0.3
Crossbows      | |  0.3
Throwing       | |  2.4
Armour         | |  0.3
Dodging        | |  0.3
Stealth        | |  4.0
Shields        | |  0.3
Unarmed Combat | |  0.3
Spellcasting   | |  4.9
Conjurations   | |  0.2
Hexes          | |  0.2
Summonings     | |  0.2
Necromancy     | |  0.2
Translocations | |  0.2
Transmutations | |  0.2
Fire Magic     | |  0.2
Ice Magic      | |  0.2
Air Magic      | |  0.2
Earth Magic    | |  0.2
Poison Magic   | |  0.2
Invocations    | |  0.4
Evocations     | |  0.3

Action                   || total
-------------------------++-------
Melee: Quarterstaff      ||    19
       Bite              ||     3
 Stab: Sleeping          ||     4
Armor: Robe              ||     1
Dodge: Dodged            ||     8
